 Seeded DCSS version 0.32-a0-871-ge202e49 (webtiles) character file.

Game seed: 800197345211678527 (custom seed)

182 malesh the Grave Robber (level 5, -3/49 HPs)
             Began as a Troll Necromancer on Mar 29, 2024.
             Incinerated by a bombardier beetle (6 damage)
             ... with a burning spray
             ... on level 3 of the Dungeon.
             The game lasted 00:04:50 (1858 turns).

malesh the Grave Robber (Troll Necromancer)         Turns: 1858, Time: 00:04:50

Health: -3/49      AC:  8    Str: 16    XL:     5   Next: 35%
Magic:  5/5        EV:  9    Int: 11    God:
Gold:   140        SH:  0    Dex: 10    Spells: 5/6 levels left

rFire   . .          .
                       - Unarmed
rCold   . . .        (no shield)
rNeg    . . .        a - +0 robe
rPois   .            (helmet restricted)
rElec   .            (no cloak)
rCorr   .            (gloves unavailable)
SInv    .            (boots unavailable)
Will    .....        (no amulet)
Stlth   +            h - +4 ring of protection
HPRegen 1.08/turn    (no ring)
MPRegen 0.09/turn

%: clarity
@: brilliant, on fire, glowing
A: large, unfitting armour, claws 3, regeneration 1, shaggy fur 1, tough skin 1,
clarity, weak 1
a: no special abilities


You were on level 3 of the Dungeon.
You visited 1 branch of the dungeon, and saw 3 of its levels.

You collected 140 gold pieces.

Inventory:

Armour
 a - a +0 robe (worn)
Jewellery
 h - a +4 ring of protection (left claw)
Scrolls
 d - 2 scrolls of blinking {unknown}
 g - a scroll of acquirement {unknown}
 j - a scroll of vulnerability {unknown}
 k - 3 scrolls of identify {unknown}
 m - a scroll of noise {unknown}
Potions
 b - a potion of magic
 c - 2 potions of mutation
 e - a potion of brilliance
 f - a potion of lignification {unknown}
 i - a potion of attraction {unknown}
 l - a potion of curing {unknown}


   Skills:
 * Level 1.8 Fighting
 + Level 2.3 Dodging
 + Level 1.2 Stealth
 * Level 3.3 Unarmed Combat
 - Level 1.2 Spellcasting
 - Level 3.4 Necromancy


You had 5 spell levels left.
You knew the following spells:

 Your Spells              Type           Power      Damage    Failure   Level
a - Necrotise             Necr           48%        1d6       8%          1

Your spell library contained the following spells:

 Spells                   Type           Power      Damage    Failure   Level
 Vampiric Draining        Necr           12%        2d6       24%         3
 Animate Dead             Necr           12%        N/A       61%         4
 Curse of Agony           Necr           12%        N/A       91%         5


Dungeon Overview and Level Annotations

Branches:
Dungeon (3/15)

Altars:

Shops:
D:1 (


Innate Abilities, Weirdness & Mutations

You are too large for most types of armour.
You have claws for hands.
Your natural rate of healing is unusually fast.
You are covered in fur. (AC +1)
You have tough skin. (AC +1)
You possess an exceptional clarity of mind.
You are weak. (Str -2)


Message History

The bombardier beetle is moderately wounded.
The liquid fire burns you!
The bombardier beetle sprays incendiary fluid at you.
The burning spray misses you.
You scratch the bombardier beetle.
The bombardier beetle is severely wounded.
The liquid fire burns you!
The bombardier beetle sprays incendiary fluid at you.
The burning spray hits you.
You are even more covered in liquid fire!
You claw the bombardier beetle!
You kill the bombardier beetle!
The liquid fire burns you!
No target in view!
You are on fire!
You are on fire!
You shake off some of the fire as you move.
The liquid fire burns you!
You shake off some of the fire as you move.
The liquid fire burns you!
You shake off some of the fire as you move.
The liquid fire burns you! The liquid fire burns you!
The liquid fire burns you! The liquid fire burns you!
The liquid fire burns you! The liquid fire burns you!
* * * LOW HITPOINT WARNING * * *
The liquid fire burns you!
* * * LOW HITPOINT WARNING * * *
The liquid fire burns you!
* * * LOW HITPOINT WARNING * * *
It was a potion of mutation.
You feel extremely strange.
Your thoughts seem clearer.
You feel weaker. The liquid fire burns you!
* * * LOW HITPOINT WARNING * * *
It was a potion of brilliance.
You feel clever all of a sudden. The liquid fire burns you!
You die...

# # #.### ########### #...#
..........# #...#
.########.# #...# .# #.#
#...# .# #.# #...# .# #.#
+...+ .# #># #@..# .### #.#
#...# # ...######.#
#...##.###.# ..........##<.
###..†......
....########..####.##.#####
....# #..##.......... ....#
###..####.##.#### ###.#
#................... ###.#
#.####..##.#.##.####


There were no monsters in sight!

Vanquished Creatures
  A scorpion (D:3)
  A bombardier beetle (D:3)
  2 adders
  2 ribbon worms
  4 orcs (D:3)
  2 ball pythons
  5 endoplasms (D:1)
  3 giant cockroaches
  5 goblins
  3 hobgoblins
  8 jackals
  6 kobolds
  2 quokkas
  5 bats
  5 frilled lizards
  7 rats
61 creatures vanquished.

Notes
Turn   | Place    | Note
-------+----------+-------------------------------------------
     0 | D:1      | malesh the Troll Necromancer began the quest for the Orb.
     0 | D:1      | Reached XP level 1. HP: 16/16 MP: 1/1
   157 | D:1      | Reached XP level 2. HP: 19/26 MP: 2/2
   329 | D:1      | Reached skill level 1 in Unarmed Combat
   483 | D:1      | Found a faded altar of an unknown god.
   615 | D:1      | Found Lidiahou's Antique Weapon Shop.
   849 | D:2      | Reached XP level 3. HP: 32/32 MP: 3/3
   887 | D:2      | Reached skill level 1 in Fighting
  1604 | D:3      | Reached XP level 4. HP: 38/41 MP: 4/4
  1621 | D:3      | Noticed a scorpion
  1627 | D:3      | Identified the +0 ring mail of Kigus {Harm Dex+4}
  1636 | D:3      | Killed a scorpion
  1648 | D:3      | Reached XP level 5. HP: 37/48 MP: 5/5
  1857 | D:3      | Gained mutation: You possess an exceptional clarity of
                  | mind. [potion of mutation]
  1857 | D:3      | Gained mutation: You are weak. (Str -2) [potion of
                  | mutation]
  1857 | D:3      | HP: 2/49 [burnt (4)]
  1858 | D:3      | Incinerated by a bombardier beetle

Illustrated notes

Levels and vault maps discovered:
D:1:      nicolae_arrival_somewhat_less_tricky_arrival, layout_basic,
          serial_shops, nicolae_shop_hallway_plus,
          hellmonk_ecumenical_altar_zigzags
D:2:      layout_basic
D:3:      minmay_chambers_of_twos, layout_basic,
          nicolae_concentric_dashed_squares_mild, uniq_sigmund

Skill      XL: |  1  2  3  4 |
---------------+-------------+-----
Unarmed Combat | 1 2 3 |  3.3
Fighting       | 1 |  1.8
Dodging        | 2 |  2.3
Stealth        | |  1.2
Spellcasting   | |  1.2
Necromancy     | |  3.4

Action                     |  1- 3 |  4- 6 || total
---------------------------+-------+-------++-------
  Melee: Unarmed           |   116 |    42 ||   158
         Punch             |     2 |       ||     2
   Cast: Necrotise         |     2 |     1 ||     3
    Use: Potion            |       |     2 ||     2
   Stab: Sleeping          |     1 |       ||     1
 Armour: Robe              |    89 |    23 ||   112
  Dodge: Dodged            |    63 |    13 ||    76

Table legend: (Time is in decaauts)
 A = Elapsed time spent in this place.
 B = Non-inter-level travel time spent in this place.
 C = Inter-level travel time spent in this place.
 D = Time resting spent in this place.
 E = Time spent auto-exploring this place.
 F = Levels seen in this place.
 G = Mean time per level.
                   A        B        C        D        E       F      G
               +--------+--------+--------+--------+--------+-----+--------+
         Total |   1852 |   1832 |     20 |      0 |   1446 |   3 |  617.3 |
       Dungeon |   1852 |   1832 |     20 |      0 |   1446 |   3 |  617.3 |
               +--------+--------+--------+--------+--------+-----+--------+

Top non-repeatable levels by time:
     D:1: 750 daAuts
     D:2: 707 daAuts
     D:3: 394 daAuts
